 Dungeon Crawl Stone Soup version 0.26-a0-812-g31a745ddcd (webtiles) character file.

Game seed: 7334908371281244329

63 kae the Ruffian (level 3, -3/33 HPs)
             Began as a Troll Transmuter on Nov 16, 2020.
             Slain by Sigmund
             ... wielding a +0 scythe
              (10 damage)
             ... on level 2 of the Dungeon.
             The game lasted 00:00:40 (978 turns).

kae the Ruffian (Troll Transmuter)                   Turns: 978, Time: 00:00:40

Health: -3/33      AC:  6    Str: 19    XL:     3   Next: 89%
Magic:  2/3        EV: 10    Int:  9    God:
Gold:   50         SH:  0    Dex: 10    Spells: 3/4 levels left

rFire    . . .     SeeInvis .     - Unarmed
rCold    . . .     Faith    .   (no shield)
rNeg     . . .     Spirit   .   a - +0 robe
rPois    .         Reflect  .   (helmet restricted)
rElec    .         Harm     .   (no cloak)
rCorr    .         Rampage  .   (gloves unavailable)
MR       .....                  (boots unavailable)
Stlth    +.........             (no amulet)
HPRegen  0.51/turn              (no ring)
MPRegen  0.08/turn              (no ring)

@: no status effects
A: large, unfitting armour, claws 3, regeneration 1, shaggy fur 1, tough skin 3
a: no special abilities


You were on level 2 of the Dungeon.
You visited 1 branch of the dungeon, and saw 2 of its levels.

You collected 50 gold pieces.

Inventory:

Armour
 a - a +0 robe (worn)
Jewellery
 f - an uncursed ring of resist corrosion {unknown}
Scrolls
 b - 4 scrolls of identify
 c - a scroll of fear
 d - a scroll of amnesia {unknown}
 e - a scroll of magic mapping {unknown}
 g - a scroll of teleportation {unknown}
 h - a scroll of remove curse {unknown}


   Skills:
 + Level 1.2 Fighting
 + Level 2.1 Dodging
 + Level 3.4 Unarmed Combat
 - Level 1.2 Spellcasting
 * Level 2.3 Transmutations


You had 3 spell levels left.
You knew the following spells:

 Your Spells              Type           Power        Failure   Level
a - Beastly Appendage     Tmut           #.....       14%         1

Your spell library contained the following spells:

 Spells                   Type           Power        Failure   Level
 Wereblood                Tmut           #.......     22%         2
 Spider Form              Tmut/Pois      #.........   56%         3
 Ice Form                 Ice/Tmut       #.......     92%         4
 Blade Hands              Tmut           #.........   98%         5


Dungeon Overview and Level Annotations

Branches:
Dungeon (2/15)

Altars:

Annotations:
D:2 Sigmund


Innate Abilities, Weirdness & Mutations

You are too large for most types of armour.
You have claws for hands.
Your natural rate of healing is unusually fast.
You are covered in fur. (AC +1)
You have extremely tough skin. (AC +3)


Message History

The goblin unwields a +0 hunting sling.
The goblin wields a +0 dagger.
The goblin closely misses you. Something hits you but does no damage.
You scratch the goblin.
You kill the goblin!
You aren't carrying any potions.
As you read the scroll labelled YMEUTT TANEFEC, it crumbles to dust.
It is a scroll of identify.
c - a scroll of fear Something hits you.
Something hits you.
You miss something. You claw something.
A rat comes into view.
You scratch something. Something hits you!
You barely miss something. Your kick misses something. You headbutt something!
You claw something! Something hits you!
* * * LOW HITPOINT WARNING * * *
You claw something!
Your horns disappear.
Your talons disappear.
The rat closely misses you. Something hits you!
You die...

......# .....## ...
..### ...#.....# .. ....
>..#####.. .. .... ...#
.###..# ...# ..#.># ...#
#....#
...############.{r#####.
...............#@)......
...###########.#..######
...# #..(.# ####
#......# .....#####
#)...## #...## ####


You could see a rat.

Vanquished Creatures
  An adder (D:2)
  3 oozes (D:1)
  A leopard gecko (D:2)
  A giant cockroach (D:2)
  4 goblins
  2 hobgoblins (D:1)
  12 jackals
  3 kobolds
  A ball python (D:1)
  3 bats
  4 frilled lizards
  2 rats (D:1)
37 creatures vanquished.

Notes
Turn   | Place    | Note
-------+----------+-------------------------------------------
     0 | D:1      | kae the Troll Transmuter began the quest for the Orb.
     0 | D:1      | Reached XP level 1. HP: 18/18 MP: 1/1
    19 | D:1      | Reached XP level 2. HP: 26/26 MP: 2/2
   299 | D:1      | Reached XP level 3. HP: 32/32 MP: 1/3
   479 | D:1      | Reached skill level 1 in Fighting
   965 | D:2      | Noticed Sigmund
   978 | D:2      | Slain by Sigmund

Illustrated notes

Levels and vault maps discovered:
D:1:      onia_arrival_handbag, layout_basic
D:2:      layout_rooms, uniq_robin, uniq_sigmund

Skill      XL: |  1  2  3 |
---------------+----------+-----
Transmutations | 2 |  2.3
Dodging        | 2 |  2.1
Fighting       | 1 |  1.2
Unarmed Combat | |  3.4
Spellcasting   | |  1.2

Action                   || total
-------------------------++-------
Melee: Unarmed           ||    96
       Punch             ||     2
       Kick              ||     6
       Headbutt          ||     3
 Cast: Beastly Appendage ||    15
  Use: Scroll            ||     1
Armor: Robe              ||    71
Dodge: Dodged            ||    87

Table legend: (Time is in decaauts)
 A = Elapsed time spent in this place.
 B = Non-inter-level travel time spent in this place.
 C = Inter-level travel time spent in this place.
 D = Time resting spent in this place.
 E = Time spent auto-exploring this place.
 F = Levels seen in this place.
 G = Mean time per level.
                   A        B        C        D        E       F      G
               +--------+--------+--------+--------+--------+-----+--------+
         Total |    971 |    935 |     36 |      0 |    729 |   2 |  485.5 |
       Dungeon |    971 |    935 |     36 |      0 |    729 |   2 |  485.5 |
               +--------+--------+--------+--------+--------+-----+--------+

Top non-repeatable levels by time:
     D:1: 772 daAuts
     D:2: 199 daAuts
